 Dungeon Crawl Stone Soup version 0.31-a0-875-g02e7d12df6 (webtiles) character file.

Game seed: 14182798522299191086

45421 promet the Blocker (level 14, 0/113 HPs)
             Began as a Gnoll Fighter on Oct 12, 2023.
             Was a Believer of Uskayaw.
             Slain by a skyshark (4 damage)
             ... on level 5 of the Lair of Beasts.
             The game lasted 02:35:03 (24423 turns).

promet the Blocker (Gnoll Fighter)                 Turns: 24423, Time: 02:35:04

Health: 0/113      AC: 10    Str: 17    XL:     14   Next: 33%
Magic:  36/36      EV: 17    Int: 11    God:    Uskayaw [**....]
Gold:   1024       SH:  0    Dex: 18    Spells: 8/31 levels left

rFire   . . .        c - +5 scythe "Finisher" {speed, execute}
rCold   + . .        (shield currently unavailable)
rNeg    . . .        z - +0 troll leather armour
rPois   .            (no helmet)
rElec   +            (no cloak)
rCorr   .            A - +1 pair of gloves
SInv    .            d - +2 pair of boots
Will    ++...        C - amulet "Vizugua" {rElec rC+ Will+ Regen+ MP+9}
Stlth   ++++         h - +6 ring of dexterity
HPRegen 1.98/turn    r - +4 ring of slaying
MPRegen 0.25/turn

%: no passive effects
@: about to teleport
A: fangs 1, strong nose, distributed training
a: Renounce Religion, Stomp, Line Pass


You were on level 5 of the Lair of Beasts.
You worshipped Uskayaw.
Uskayaw was aware of your devotion.
You visited 2 branches of the dungeon, and saw 16 of its levels.

You collected 1673 gold pieces.
You spent 649 gold pieces at shops.

Inventory:

Hand Weapons
 a - a +5 heavy great sword
 b - a +2 orcbow of flaming
 c - the +5 scythe "Finisher" (weapon) {speed, execute}
   (You found it on level 9 of the Dungeon)
 f - the +7 halberd "Killer Bee's Death" {freeze, rC- Str+5 Int+3}
   (You bought it in a shop on level 2 of the Dungeon)

   Str+5:     It affects your strength (+5).
   Int+3:     It affects your intelligence (+3).
   rC-:       It makes you vulnerable to cold.
 i - a +0 broad axe
 n - a +4 morningstar
 o - a +3 dire flail of venom
 B - a +4 whip of electrocution
 G - a +2 heavy spear
 H - a +0 battleaxe
Missiles
 e - 138 stones
 u - 2 boomerangs (quivered)
 v - 24 poisoned darts
 x - 4 curare-tipped darts
Armour
 d - a +2 pair of boots (worn)
 z - a +0 troll leather armour (worn)
 A - a +1 pair of gloves (worn)
 E - a +1 chain mail of willpower
 I - +1 acid dragon scales
Magical Staves
 m - a staff of fire
 p - a staff of earth
 y - the staff "Aclio" {rPois Str+6 Int-4 Poison}
   (You found it on level 7 of the Dungeon)

   [staff of poison]

   Base accuracy: +5 Base damage: 5 Base attack delay: 1.2 This weapon's minimum
   attack delay (0.6) is reached at skill level 12.
   Str+6:     It affects your strength (+6).
   Int-4:     It affects your intelligence (-4).
   rPois:     It protects you from poison Poison: It increases the power of your
   Poison spells.
   It falls into the 'Staves' category.
   It is a one-handed weapon.
Jewellery
 h - a +6 ring of dexterity (left hand)
 l - an amulet of the acrobat
 r - a +4 ring of slaying (right hand)
 t - a +6 ring of dexterity
 C - the amulet "Vizugua" (around neck) {rElec rC+ Will+ Regen+ MP+9}
   (You acquired it on level 8 of the Dungeon)

   [amulet of regeneration]

   rC+:       It protects you from cold.
   rElec:     It insulates you from electricity.
   Will+:     It increases your willpower.
   MP+9:      It affects your magic capacity (+9).
   Regen+:    It increases your rate of health regeneration.
Wands
 q - a wand of paralysis (6)
 w - a wand of flame (9)
 D - a wand of iceblast (15)
 P - a wand of mindburst (11)
Scrolls
 k - 6 scrolls of teleportation
 J - 2 scrolls of revelation
 K - 2 scrolls of poison
 L - a scroll of identify
 O - 2 scrolls of fog
Potions
 g - 2 potions of magic
 j - 3 potions of brilliance
 M - 2 potions of attraction
 N - 2 potions of might
 Q - a potion of invisibility
 S - a potion of berserk rage
 T - a potion of heal wounds {unknown}
Miscellaneous
 R - a phantom mirror
 U - a lightning rod (4/4)


   Skills:
 + Level 11.3 Fighting
 + Level 9.3 Short Blades
 + Level 9.3 Long Blades
 + Level 9.3 Axes
 + Level 9.3 Maces & Flails
 + Level 10.4 Polearms
 + Level 9.3 Staves
 + Level 9.3 Ranged Weapons
 + Level 9.3 Throwing
 + Level 11.3 Armour
 + Level 9.3 Dodging
 + Level 9.3 Stealth
 + Level 11.3 Shields
 + Level 9.3 Unarmed Combat
 + Level 9.3 Spellcasting
 + Level 7.7 Conjurations
 + Level 7.7 Hexes
 + Level 7.7 Summonings
 + Level 7.7 Necromancy
 + Level 7.7 Translocations
 + Level 7.7 Transmutations
 + Level 7.7 Fire Magic
 + Level 7.7 Ice Magic
 + Level 7.7 Air Magic
 + Level 7.7 Earth Magic
 + Level 7.7 Poison Magic
 + Level 10.1 Invocations
 + Level 9.3 Evocations
 + Level 8.5 Shapeshifting


You had 8 spell levels left.
You knew the following spells:

 Your Spells              Type           Power      Damage    Failure   Level
a - Brom's Barrelling Bo  Conj/Erth      22%        2d4       6%          4
b - Swiftness             Air            22%        N/A       1%          3
c - Fireball              Conj/Fire      11%        3d7       19%         5
d - Jinxbite              Hex            44%        N/A       1%          2
e - Flame Wave            Conj/Fire      22%        2d8       6%          4
f - Iskenderun's Battles  Conj           22%        2d8       19%         5

Your spell library contained the following spells:

 Spells                   Type           Power      Damage    Failure   Level
 Ensorcelled Hibernation  Hex/Ice        44%        N/A       1%          2
 Passwall                 Tmut/Erth      18%        N/A       1%          2
 Scorch                   Fire           44%        2d6       1%          2
 Ozocubu's Armour         Ice            22%        N/A       1%          3
 Anguish                  Hex/Necr       11%        N/A       6%          4
 Animate Dead             Necr           22%        N/A       6%          4
 Borgnjor's Vile Clutch   Necr/Erth      11%        N/A       19%         5
 Summon Forest            Summ/Tloc      11%        N/A       19%         5
 Bombard                  Conj/Erth      11%        9d3       69%         6
 Conjure Ball Lightning   Conj/Air       11%        3x3d6     69%         6
 Death Channel            Necr           11%        N/A       69%         6
 Eringya's Noxious Bog    Tmut/Pois      11%        4d6       69%         6
 Summon Cactus Giant      Summ           11%        N/A       69%         6
 Orb of Destruction       Conj           11%        9d6       99%         7
 Ozocubu's Refrigeration  Ice            11%        4d9       99%         7
 Spellforged Servitor     Conj/Summ      11%        N/A       99%         7
 Summon Hydra             Summ           11%        N/A       99%         7


Dungeon Overview and Level Annotations

Branches:
Dungeon (11/15)              Lair (5/5) D:11         Shoals (0/4) Lair:3
 Spider (0/4) Lair:2        Slime (0/5) Lair:4          Orc (0/2) D:9
 Temple: D:4-7

Altars:
Ashenzari
Cheibriados
Gozag
Makhleb
Qazlal
Uskayaw
Vehumet
Wu Jian
Yredelemnul
Zin
The Shining One
Jiyva

Shops:
D:1 (   D:2 (*?

Portals:
Trove: D:11 (give 4 scrolls of fear)

Annotations:
D:3 1 runed translucent door, Crazy Yiuf
Lair:4 1 runed translucent door, Xavori's ghost, journeyman VSCK


Innate Abilities, Weirdness & Mutations

You have very sharp teeth.
Your uncanny sense of smell can sniff out nearby items.
Your experience applies equally to all skills.


Message History

The skyshark is heavily wounded.
The skyshark bites you. The skyshark misses you.
The skyshark tail-slaps you but does no damage.
The skyshark closely misses you. The skyshark completely misses you.
The skyshark tail-slaps you.
You barely miss the skyshark.
The skyshark is heavily wounded.
The skyshark bites you. The skyshark tail-slaps you!
The skyshark barely misses you.
You barely miss the skyshark.
You bite the skyshark, but do no damage.
The skyshark is heavily wounded.
The skyshark bites you. The skyshark tail-slaps you!
The skyshark closely misses you. The skyshark barely misses you.
The skyshark closely misses you. The skyshark completely misses you.
You puncture the skyshark!
You bite the skyshark, but do no damage.
The skyshark is heavily wounded.
The skyshark barely misses you. x2
The skyshark tail-slaps you but does no damage.
You impale the skyshark!! Your bite misses the skyshark.
The skyshark is severely wounded.
The skyshark bites you!!
The skyshark tail-slaps you but does no damage.
The skyshark closely misses you. The skyshark bites you!
* * * LOW HITPOINT WARNING * * *
The skyshark tail-slaps you!
* * * LOW HITPOINT WARNING * * *
The skyshark tail-slaps you!
* * * LOW HITPOINT WARNING * * *
As you read the scroll of teleportation, it crumbles to dust.
You feel strangely unstable. The skyshark barely misses you.
The skyshark tail-slaps you.
* * * LOW HITPOINT WARNING * * *
The skyshark tail-slaps you!
* * * LOW HITPOINT WARNING * * *
You feel better. The skyshark bites you!
* * * LOW HITPOINT WARNING * * *
The skyshark tail-slaps you.
You die...

.P##..#.###..###..#.....#...##.#.
..........Y..............Y.......
..................♣♣.............
♣♣♣♣.....†......♣♣♣♣♣♣♣..........
♣♣..........♣♣ ♣♣♣♣♣♣.........
♣♣......♣.♣♣♣♣♣.)♣♣♣♣♣.......
♣♣♣......♣♣♣ ♣.....♣♣ ♣♣♣♣....
♣♣♣♣..♣♣♣♣♣♣♣ ♣♣......♣♣ ♣....
♣.).♣♣♣ ♣♣♣@..♣♣...♣♣♣ ♣....
.♣♣♣♣ ♣yl♣♣♣♣♣♣♣♣..♣♣♣♣♣.. ..♣
♣...♣♣ ♣♣♣.♣♣ ♣.. ♣.♣ ♣..♣♣
♣♣.♣♣♣♣. ♣.♣ ♣... ♣♣.♣ #♣ ♣.l ..♣
♣♣.♣ #. ♣♣ . ♣♣♣ ♣..♣ ♣. ....♣♣
♣♣.♣♣ ♣. ♣...♣♣.♣♣ ♣♣


You could see a skyshark (berserk) and a hornet.

Vanquished Creatures
  Josephine (D:10)
  A hydra (Lair:3)
  A catoblepas (Lair:3)
  A boulder beetle (Lair:3)
  3 two-headed ogres
  Nergalle (Lair:2)
  A skyshark (Lair:3)
  An orb spider (Lair:2)
  Pikel (D:8)
  A lindwurm (Lair:5)
  An oklob plant (Lair:4)
  2 cyclopes
  12 elephants
  A merfolk siren (Lair:3)
  2 gargoyles
  4 black mambas
  8 cane toads
  A torpor snail (Lair:3)
  5 komodo dragons
  3 rime drakes
  5 polar bears
  3 trolls
  A merfolk (Lair:3)
  2 hornets (Lair:5)
  5 dream sheep (Lair:5)
  15 blink frogs
  4 shadows
  11 spriggans (Lair:5)
  Sigmund (D:5)
  43 yaks
  11 wraiths
  4 wyverns
  4 basilisks
  2 acid dragons
  16 water moccasins
  13 orc warriors
  2 black bears
  A sky beast (D:7)
  2 boggarts (Lair:5)
  17 wolves (Lair:5)
  7 centaurs
  A lemure (D:8)
  2 phantoms (D:5)
  2 kobold brigands
  11 bullfrogs
  2 gnoll sergeants (D:9)
  3 scorpions
  9 wights
  7 killer bees (D:9)
  7 howler monkeys
  An electric eel (Lair:3)
  7 orc priests
  A hound (D:5)
  3 sleepcaps (D:5)
  4 iguanas
  Terence (D:3)
  17 orc wizards
  4 gnolls
  8 adders
  3 river rats (D:6)
  A shadow imp (D:7)
  A white imp (D:5)
  An ufetubus (D:5)
  3 worms
  3 dart slugs
  30 orcs
  9 endoplasms
  3 giant cockroaches
  7 goblins
  8 hobgoblins
  4 jackals
  3 quokkas
  5 ball pythons
  4 bats
  3 frilled lizards
  A kobold (D:1)
  4 rats
403 creatures vanquished.

Vanquished Creatures (collateral kills)
  A boulder (Lair:1)
1 creature vanquished.

Vanquished Creatures (others)
  An orc wizard (D:6)
1 creature vanquished.

Grand Total: 405 creatures vanquished

Notes
Turn   | Place    | Note
-------+----------+-------------------------------------------
     0 | D:1      | promet the Gnoll Fighter began the quest for the Orb.
     0 | D:1      | Reached XP level 1. HP: 23/23 MP: 1/1
   163 | D:1      | Reached XP level 2. HP: 29/29 MP: 2/2
  1290 | D:1      | Found Agoemunt's Antique Weapon Shop.
  1684 | D:1      | Reached XP level 3. HP: 35/35 MP: 3/3
  2217 | D:2      | Reached skill level 1 in Invocations
  2261 | D:2      | Found Gizxo's Weapon Shop.
  2346 | D:2      | Reached skill level 1 in Short Blades
  2346 | D:2      | Reached skill level 1 in Long Blades
  2346 | D:2      | Reached skill level 1 in Axes
  2346 | D:2      | Reached skill level 1 in Maces & Flails
  2346 | D:2      | Reached skill level 1 in Staves
  2346 | D:2      | Reached skill level 1 in Ranged Weapons
  2346 | D:2      | Reached skill level 1 in Throwing
  2346 | D:2      | Reached skill level 1 in Dodging
  2346 | D:2      | Reached skill level 1 in Stealth
  2346 | D:2      | Reached skill level 1 in Unarmed Combat
  2346 | D:2      | Reached skill level 1 in Spellcasting
  2346 | D:2      | Reached skill level 1 in Evocations
  2351 | D:2      | Found Togyorra's General Store.
  2384 | D:2      | Found Cain's Magic Scroll Shoppe.
  2900 | D:3      | Reached XP level 4. HP: 41/41 MP: 5/5
  2932 | D:3      | Reached skill level 1 in Shapeshifting
  2939 | D:3      | Reached skill level 1 in Conjurations
  2939 | D:3      | Reached skill level 1 in Hexes
  2939 | D:3      | Reached skill level 1 in Summonings
  2939 | D:3      | Reached skill level 1 in Necromancy
  2939 | D:3      | Reached skill level 1 in Translocations
  2939 | D:3      | Reached skill level 1 in Transmutations
  2939 | D:3      | Reached skill level 1 in Fire Magic
  2939 | D:3      | Reached skill level 1 in Ice Magic
  2939 | D:3      | Reached skill level 1 in Air Magic
  2939 | D:3      | Reached skill level 1 in Earth Magic
  2939 | D:3      | Reached skill level 1 in Poison Magic
  3261 | D:3      | Found a runed translucent door.
  3262 | D:3      | Noticed Crazy Yiuf
  3748 | D:3      | Noticed Terence
  3756 | D:3      | Killed Terence
  3757 | D:3      | Reached XP level 5. HP: 39/47 MP: 5/7
  3764 | D:3      | Identified a scroll of acquirement
  3764 | D:3      | Acquired 425 gold pieces
  4377 | D:4      | Noticed an ogre
  4467 | D:2      | Bought the +7 halberd "Killer Bee's Death" {freeze, rC-
                  | Str+5 Int+3} for 649 gold pieces
  4565 | D:4      | You fall into a shaft and drop 2 floors!
  4602 | D:5      | Entered Level 5 of the Dungeon
  4764 | D:5      | Noticed a phantom
  4774 | D:5      | Killed a phantom
  4775 | D:5      | Reached XP level 6. HP: 53/53 MP: 8/8
  5032 | D:5      | Reached skill level 5 in Polearms
  5276 | D:5      | Reached XP level 7. HP: 59/59 MP: 10/10
  5507 | D:5      | Noticed Sigmund
  5518 | D:5      | Killed Sigmund
  6156 | D:5      | Reached XP level 8. HP: 67/67 MP: 12/12
  6669 | D:6      | Found an opulent altar of Gozag.
  6669 | D:6      | Found a glowing silver altar of Zin.
  7434 | D:7      | Noticed a two-headed ogre
  7450 | D:7      | Killed a two-headed ogre
  7451 | D:7      | Reached XP level 9. HP: 74/74 MP: 13/15
  7515 | D:7      | Identified the staff "Aclio" {rPois Str+6 Int-4 Poison}
  7773 | D:7      | Noticed a vault sentinel
  7773 | D:7      | Noticed a vault sentinel
  7909 | D:7      | Found a radiant altar of Vehumet.
  7919 | D:7      | Found a hide-covered altar of Uskayaw.
  7927 | D:7      | Became a worshipper of Uskayaw the Reveller
  8020 | D:7      | Reached * piety under Uskayaw
  8022 | D:7      | Reached ** piety under Uskayaw
  8065 | D:7      | Reached *** piety under Uskayaw
  8738 | D:8      | Found a stormy altar of Qazlal.
  8820 | D:8      | Noticed a two-headed ogre
  9017 | D:8      | Acquired the amulet "Vizugua" {rElec rC+ Will+ Regen+ MP+9}
  9106 | D:8      | Killed a two-headed ogre
  9107 | D:8      | Reached skill level 5 in Invocations
  9305 | D:8      | Reached XP level 10. HP: 80/80 MP: 17/17
  9494 | D:8      | Reached skill level 5 in Short Blades
  9494 | D:8      | Reached skill level 5 in Long Blades
  9494 | D:8      | Reached skill level 5 in Axes
  9494 | D:8      | Reached skill level 5 in Maces & Flails
  9494 | D:8      | Reached skill level 5 in Staves
  9494 | D:8      | Reached skill level 5 in Ranged Weapons
  9494 | D:8      | Reached skill level 5 in Throwing
  9494 | D:8      | Reached skill level 5 in Dodging
  9494 | D:8      | Reached skill level 5 in Stealth
  9494 | D:8      | Reached skill level 5 in Unarmed Combat
  9494 | D:8      | Reached skill level 5 in Spellcasting
  9494 | D:8      | Reached skill level 5 in Evocations
  9565 | D:8      | Found a glowing golden altar of the Shining One.
  9575 | D:8      | Found a snail-covered altar of Cheibriados.
  9585 | D:8      | Noticed Pikel
  9759 | D:8      | Killed Pikel
  9823 | D:8      | Reached **** piety under Uskayaw
  9985 | D:9      | Reached skill level 5 in Shapeshifting
 10482 | D:9      | Reached ***** piety under Uskayaw
 10654 | D:9      | Found a runed translucent door.
 10725 | D:9      | Reached XP level 11. HP: 87/87 MP: 19/19
 10838 | D:9      | Found a burning altar of Makhleb.
 10982 | D:9      | Reached skill level 5 in Conjurations
 10982 | D:9      | Reached skill level 5 in Hexes
 10982 | D:9      | Reached skill level 5 in Summonings
 10982 | D:9      | Reached skill level 5 in Necromancy
 10982 | D:9      | Reached skill level 5 in Translocations
 10982 | D:9      | Reached skill level 5 in Transmutations
 10982 | D:9      | Reached skill level 5 in Fire Magic
 10982 | D:9      | Reached skill level 5 in Ice Magic
 10982 | D:9      | Reached skill level 5 in Air Magic
 10982 | D:9      | Reached skill level 5 in Earth Magic
 10982 | D:9      | Reached skill level 5 in Poison Magic
 11206 | D:9      | Found a staircase to the Orcish Mines.
 11670 | D:9      | Learned a level 4 spell: Brom's Barrelling Boulder
 11731 | D:9      | Found the +5 scythe "Finisher" {speed, execute}
 11851 | D:9      | Noticed a death knight
 11851 | D:9      | Noticed a cyclops
 12007 | D:9      | Killed a cyclops
 12906 | D:10     | Entered Level 10 of the Dungeon
 12996 | D:10     | Noticed Josephine
 13045 | D:10     | Killed Josephine
 13852 | D:10     | Learned a level 3 spell: Swiftness
 13858 | D:10     | Learned a level 5 spell: Fireball
 14190 | D:10     | Noticed a two-headed ogre
 14231 | D:10     | Killed a two-headed ogre
 14232 | D:10     | Reached XP level 12. HP: 97/97 MP: 22/22
 14455 | D:10     | Found an ornate altar of the Wu Jian Council.
 14456 | D:10     | Found a broken altar of Ashenzari.
 14492 | D:10     | Found a basalt altar of Yredelemnul.
 14698 | D:11     | Found a staircase to the Lair.
 15740 | D:11     | Found a portal to a secret trove of treasure.
 15920 | D:11     | Learned a level 2 spell: Jinxbite
 16487 | Lair:1   | Entered Level 1 of the Lair of Beasts
 16738 | Lair:1   | Reached skill level 10 in Fighting
 16738 | Lair:1   | Reached skill level 10 in Armour
 16738 | Lair:1   | Reached skill level 10 in Shields
 17483 | Lair:1   | Learned a level 4 spell: Flame Wave
 17994 | Lair:2   | Upgraded the game from 0.31-a0-868-g674d60d6f7 to
                  | 0.31-a0-875-g02e7d12df6
 18175 | Lair:2   | Noticed Nergalle
 18197 | Lair:2   | Killed Nergalle
 18517 | Lair:2   | Reached XP level 13. HP: 102/104 MP: 25/25
 19300 | Lair:2   | Found a hole to the Spider Nest.
 19733 | Lair:3   | Identified the +1 leather armour of the Endless Xenops
                  | {rF+}
 20008 | Lair:3   | Found a staircase to the Shoals.
 20282 | Lair:3   | Found a runed translucent door.
 21147 | Lair:4   | Reached ****** piety under Uskayaw
 21499 | Lair:4   | Found a runed translucent door.
 21517 | Lair:4   | Noticed Xavori's ghost (journeyman VSCK)
 21796 | Lair:4   | Reached skill level 10 in Polearms
 21892 | Lair:4   | Found a viscous altar of Jiyva.
 21892 | Lair:4   | Found a staircase to the Slime Pits.
 22259 | Lair:4   | Learned a level 5 spell: Iskenderun's Battlesphere
 22499 | Lair:5   | Entered Level 5 of the Lair of Beasts
 22789 | Lair:5   | Reached XP level 14. HP: 112/113 MP: 27/27
 23068 | Lair:5   | Found a dark tunnel.
 23747 | Lair:5   | Reached skill level 10 in Invocations
 24254 | Lair:5   | HP: 3/113 [skyshark (16)]
 24422 | Lair:5   | HP: 4/113 [skyshark (7)]
 24423 | Lair:5   | Slain by a skyshark

Illustrated notes

Levels and vault maps discovered:
D:1:      erik_arrival_cave_to_civilisation [erik_arrival_cave_to_hall],
          layout_basic, serial_shops, shop
D:2:      layout_basic, serial_shops, nicolae_shop_pleasant_corner_grove, shop,
          nicolae_shop_window_shopping
D:3:      layout_loops_ring, grunt_ministairs_13, uniq_terence,
          uniq_crazy_yiuf_cottage
D:4:      layout_loops_ring, minmay_temple_entry_statues_fountains,
          gammafunk_ghost_mausoleum, uniq_menkaure
D:5:      layout_basic, minmay_misc_feat_more_columns, uniq_sigmund
D:6:      layout_basic, grunt_temple_overflow_gold_and_silver,
          lightli_sewer_entry_pipes
D:7:      minmay_evil_eye, layout_basic, nicolae_overflow_squiral,
          hellmonk_guarded_unrand_gong
D:8:      layout_loops_ring, grunt_qazlal_clouds, jmf_multi_god_temple,
          uniq_pikel
D:9:      nzn_winding_woodlands_medium [nzn_winding_woodlands_5x5_three,
          nzn_winding_woodlands_5x15_pathside_ponds,
          nzn_winding_woodlands_5x5_perimeter,
          nzn_winding_woodlands_5x5_open_star,
          nzn_winding_woodlands_center_lodge,
          nzn_winding_woodlands_5x5_checkerboard,
          nzn_winding_woodlands_5x5_cross, nzn_winding_woodlands_5x15_default,
          nzn_winding_woodlands_5x5_closed_star], layout_gridville,
          mainiacjoe_overflow_paths, minmay_orc_entry_temple_small,
          lightli_church_of_beogh
D:10:     minmay_s_stair_smasher, layout_cave_pods,
          chequers_temple_overflow_statue_of_worship, uniq_josephine
D:11:     layout_stronghold, lair_entry_dummy, enter_trove_0
Lair:1:   layout_regular_city
Lair:2:   layout_gridlike, nicolae_spider_entry_orb_guardian,
          eino_small_chamber_without_monster, uniq_nergalle
Lair:3:   layout_cave_pods, elwin_shoals_entry_rooms, pf_torpor_hydra
Lair:4:   layout_cave_pods, slime_entry_1, ebering_ghost_inner_flame,
          wad_woods_road_04, grunt_megastairs_4
Lair:5:   minmay_lair_end_enchanted_forest, layout_big_grid,
          nicolae_volcano_entry_vermiform, chequers_serial_rivers_small_b

Skill      XL: |  1  2  3  4  5  6  7  8  9 10 11 12 13 14 |
---------------+-------------------------------------------+-----
Invocations    | 1 2 3 4 5 6 7 8 9 10 | 10.1
Short Blades   | 1 2 4 5 7 8 9 |  9.3
Long Blades    | 1 2 4 5 7 8 9 |  9.3
Axes           | 1 2 4 5 7 8 9 |  9.3
Maces & Flails | 1 2 4 5 7 8 9 |  9.3
Staves         | 1 2 4 5 7 8 9 |  9.3
Ranged Weapons | 1 2 4 5 7 8 9 |  9.3
Throwing       | 1 2 4 5 7 8 9 |  9.3
Dodging        | 1 2 4 5 7 8 9 |  9.3
Stealth        | 1 2 4 5 7 8 9 |  9.3
Unarmed Combat | 1 2 4 5 7 8 9 |  9.3
Spellcasting   | 1 2 4 5 7 8 9 |  9.3
Evocations     | 1 2 4 5 7 8 9 |  9.3
Shapeshifting  | 1 2 3 4 5 6 7 8 |  8.5
Conjurations   | 1 2 3 4 5 6 7 |  7.7
Hexes          | 1 2 3 4 5 6 7 |  7.7
Summonings     | 1 2 3 4 5 6 7 |  7.7
Necromancy     | 1 2 3 4 5 6 7 |  7.7
Translocations | 1 2 3 4 5 6 7 |  7.7
Transmutations | 1 2 3 4 5 6 7 |  7.7
Fire Magic     | 1 2 3 4 5 6 7 |  7.7
Ice Magic      | 1 2 3 4 5 6 7 |  7.7
Air Magic      | 1 2 3 4 5 6 7 |  7.7
Earth Magic    | 1 2 3 4 5 6 7 |  7.7
Poison Magic   | 1 2 3 4 5 6 7 |  7.7
Polearms       | 5 6 7 8 9 10 | 10.4
Fighting       | 7 8 9 10 11 | 11.3
Armour         | 7 8 9 10 11 | 11.3
Shields        | 7 8 9 10 11 | 11.3

Action                     |  1- 3 |  4- 6 |  7- 9 | 10-12 | 13-15 || total
---------------------------+-------+-------+-------+-------+-------++-------
  Melee: Trident           |    61 |    33 |       |       |       ||    94
         Bite              |     5 |     4 |    12 |    39 |    39 ||    99
         Halberd           |       |    26 |   101 |   142 |    10 ||   279
         Scythe            |       |       |       |   130 |   198 ||   328
         Battleaxe         |       |       |       |     6 |       ||     6
         Staff             |       |       |       |     1 |       ||     1
         Great sword       |       |       |       |       |    55 ||    55
         Dire flail        |       |       |       |       |     3 ||     3
   Fire: Sling             |    73 |    47 |    73 |   182 |       ||   375
         Orcbow            |       |       |       |   111 |   292 ||   403
  Throw: Dart              |       |       |     7 |     2 |     1 ||    10
         Throwing net      |       |       |     1 |       |       ||     1
         Boomerang         |       |       |       |     6 |    15 ||    21
   Cast: Fireball          |       |       |       |     1 |       ||     1
         Jinxbite          |       |       |       |     1 |       ||     1
         Brom's Barrelling |       |       |       |     1 |       ||     1
  Evoke: Wand              |       |       |     1 |     2 |     1 ||     4
    Use: Scroll            |     8 |     6 |     6 |     5 |     7 ||    32
         Potion            |       |     2 |     1 |     1 |     8 ||    12
   Stab: Sleeping          |       |       |     1 |     4 |     1 ||     6
         Held in net/web   |       |       |     2 |       |       ||     2
         Distracted        |       |       |     1 |       |       ||     1
         Paralysed         |       |       |     2 |    22 |    12 ||    36
 Armour: Scale mail        |    61 |    58 |    59 |    17 |       ||   195
         Chain mail        |       |       |       |   102 |       ||   102
         Troll leather arm |       |       |       |    90 |   220 ||   310
         Acid dragon scale |       |       |       |    15 |    28 ||    43
  Dodge: Dodged            |    45 |    45 |    65 |   199 |   275 ||   629

Table legend: (Time is in decaauts)
 A = Elapsed time spent in this place.
 B = Non-inter-level travel time spent in this place.
 C = Inter-level travel time spent in this place.
 D = Time resting spent in this place.
 E = Time spent auto-exploring this place.
 F = Levels seen in this place.
 G = Mean time per level.
                   A        B        C        D        E       F      G
               +--------+--------+--------+--------+--------+-----+--------+
         Total |  24649 |  24004 |    645 |   5826 |   5036 |  16 | 1540.6 |
       Dungeon |  16682 |  16173 |    509 |   4329 |   3712 |  11 | 1516.5 |
          Lair |   7967 |   7831 |    136 |   1497 |   1323 |   5 | 1593.4 |
               +--------+--------+--------+--------+--------+-----+--------+

Top non-repeatable levels by time:
     D:9: 2948 daAuts
     D:5: 1978 daAuts
  Lair:5: 1950 daAuts
     D:1: 1929 daAuts
    D:11: 1802 daAuts
    D:10: 1787 daAuts
  Lair:2: 1568 daAuts
  Lair:1: 1509 daAuts
  Lair:3: 1484 daAuts
  Lair:4: 1456 daAuts
     D:3: 1316 daAuts
     D:8: 1265 daAuts
     D:7: 1238 daAuts
     D:6: 1046 daAuts
     D:2: 1022 daAuts
